Cogmind - Beta 17 @@@ ROGUE MODE // 2026.08.05 @ 16:17:26 Player: Petvaria Result: Destroyed by H-88 Terminator with KE Penetrator Performance ------------- Evolutions (8) 4000 Regions Visited (23) 4600 Robots Destroyed (385) 1925 Value Destroyed (25084) 25084 Prototype IDs (136) 2720 Alien Tech Used (7) 1400 Bonus (15758) 15758 TOTAL SCORE: 55487 Bonus ------- Triggered High Security 500 High Alert Combat Kills 12858 Registered with UFD 300 Met Data Miner 300 Met Zhirov 300 Met Warlord at Base 500 MAIN.C Attacked Warlord 500 Scanned by Researcher 500 Cogmind --------- Core Integrity 0/1450 Matter 110/300 Energy 100/100 System Corruption 16% Temperature Cool (9) Movement Core (1400) Ox27 Location -2/Research Parts ------- > --- POWER (3) -------- (None) > --- PROPULSION (6) --- (None) > --- UTILITY (9) ------ Huge Storage Unit Concept Core Analysis Suite Supercharged Navigation Harness > --- WEAPON (5) ------- (None) > --- INVENTORY (25) --- Experimental Antimatter Reactor Experimental Antimatter Reactor Concept Zero-point Core Advanced Medium Treads Advanced Energy Well (500) Concept Core Analysis Suite Advanced Transmission Jammer Concept Cloak Mesh Advanced Point Defense System Concept Impact Drone Bay (6/6) Concept Impact Drone Bay (6/6) Compact HERF Cannon Compact HERF Cannon Concept Plasma Driver Concept Helical Railcannon Peak State ------------ > --- POWER ------------ Hybrid Graviton Reactor Concept Zero-point Core Concept Zero-point Core > --- PROPULSION ------- Enhanced Armored Heavy Treads Experimental Heavy Siege Treads Experimental Heavy Siege Treads > --- UTILITY ---------- Concept Thermoelectric Network Huge Storage Unit Experimental Targeting Computer Concept Core Analysis Suite Concept Cloak Mesh Centrium Medium Armor Plating Experimental Remote Shield Supercharged Navigation Harness > --- WEAPON ----------- Concept Plasma Driver Concept XC Strikerail Concept XC Strikerail Concept XC Strikerail Concept Helical Railcannon > --- INVENTORY -------- Quantum Reactor Experimental Antimatter Reactor Experimental Antimatter Reactor Concept Zero-point Core Advanced Medium Treads Advanced Medium Treads Armored Heavy Treads Experimental Cooling System Advanced Energy Well Concept Core Analysis Suite Concept Cloak Mesh Thermal Barrier Concept Impact Drone Bay Concept Impact Drone Bay Compact HERF Cannon Compact HERF Cannon Concept Plasma Driver Concept Plasma Driver Cooled Directed Potential Cannon Concept Helical Railcannon Concept Helical Railcannon Gamma Bomb Array [Rating: 290] Favorites ----------- Power Light Ion Engine Engine Light Ion Engine Power Core Light Fission Core Reactor Vortex Chain Reactor Propulsion Light Treads Treads Light Treads Leg Enhanced Biometal Leg Hover Unit Backup Propulsion III Utility Huge Storage Unit Device Advanced Remote Force Field Storage Huge Storage Unit Processor Core Analyzer Hackware Makeshift System Shield Protection Medium Reactive Plating Weapon Force Rifle Energy Gun Force Rifle Energy Cannon Subdweller Beam Cannon Ballistic Gun Assault Rifle Ballistic Cannon Concept Helical Railcannon Launcher Micro-nuke Launcher Special Weapon Mining Laser Impact Weapon Core Stripper Slashing Weapon Concept Deflector Sword Build | -11 -10 -10 -10 -8 -6 -6 -6 -6 -5 -5 -5 -5 -5 -4 -4 -4 -4 -4 -3 -3 -3 -3 -2 ------- Run | Yrd Mat Min Sub Scr Fac Low Low Dat Pro Fac Upp Upp Zhi Pro Fac Upp Upp War Pro Res Qua Frg Res Slots Evolved 16 | . . . . . 8 . . . . 2 . . . . 2 . . . . 2 . . 2 Power 2 | . . . . . 1 . . . . . . . . . . . . . . . . . 1 Propulsion 4 | . . . . . 3 . . . . . . . . . 1 . . . . . . . . Utility 7 | . . . . . 3 . . . . 1 . . . . . . . . . 2 . . 1 Weapon 3 | . . . . . 1 . . . . 1 . . . . 1 . . . . . . . . Parts Attached 230 | 7 8 2 15 7 15 5 2 . 3 9 2 . 6 5 11 3 3 16 5 6 40 51 9 Power 22 | 1 . . 2 1 1 2 . . . 1 1 . . 1 1 1 . 1 . . 1 8 . Engine 4 | 1 . . 2 . . 1 . . . . . . . . . . . . . . . . . Core 9 | . . . . 1 1 1 . . . 1 1 . . 1 . 1 . . . . . 2 . Reactor 9 | . . . . . . . . . . . . . . . 1 . . 1 . . 1 6 . Propulsion 47 | 2 1 . 4 . 2 1 . . 2 1 1 . . 1 6 . . 6 2 . 8 7 3 Treads 27 | 2 1 . 4 . 2 1 . . 2 1 1 . . 1 1 . . . . . 3 5 3 Leg 20 | . . . . . . . . . . . . . . . 5 . . 6 2 . 5 2 . Wheel . | . . . . . . . . . . . . . . . . . . . . . . . . Hover . | . . . . . . . . . . . . . . . . . . . . . . . . Flight . | . . . . . . . . . . . . . . . . . . . . . . . . Utility 87 | 2 2 1 3 2 6 1 1 . 1 3 . . 5 1 2 1 . 8 . 5 18 20 5 Device 45 | 1 . . . 1 4 . 1 . 1 . . . 2 1 1 1 . 6 . 4 9 10 3 Storage 8 | 1 2 . . . 1 . . . . . . . 2 . . . . . . . 1 . 1 Processor 6 | . . . . . . . . . . 1 . . . . . . . . . . 1 4 . Hackware 3 | . . . . . . . . . . 2 . . . . 1 . . . . . . . . Protection 25 | . . 1 3 1 1 1 . . . . . . 1 . . . . 2 . 1 7 6 1 Artifact . | . . . . . . . . . . . . . . . . . . . . . . . . Weapon 74 | 2 5 1 6 4 6 1 1 . . 4 . . 1 2 2 1 3 1 3 1 13 16 1 Energy Gun 19 | . . . 1 . 4 . 1 . . 1 . . . . . . 1 . 2 1 5 3 . Energy Cannon 12 | . . . 1 . 1 . . . . . . . . . . 1 . . . . 5 4 . Ballistic Gun 28 | 2 4 1 3 4 . 1 . . . 2 . . 1 2 . . 2 . 1 . 1 4 . Ballistic Cannon 4 | . . . . . . . . . . . . . . . 1 . . . . . . 2 1 Launcher 6 | . 1 . . . 1 . . . . . . . . . 1 . . 1 . . . 2 . Special Weapon 3 | . . . 1 . . . . . . 1 . . . . . . . . . . 1 . . Impact Weapon 1 | . . . . . . . . . . . . . . . . . . . . . 1 . . Slashing Weapon 1 | . . . . . . . . . . . . . . . . . . . . . . 1 . Piercing Weapon . | . . . . . . . . . . . . . . . . . . . . . . . . Special Melee Weapon . | . . . . . . . . . . . . . . . . . . . . . . . . Unidentified Prototypes 40 | . . . . . 3 1 . . . . . . 3 . . . . 8 1 1 13 8 2 Corrupted Parts 4 | . . . . . . . . . . . . . . . . . 2 . . . 1 1 . System Corruption 23 | . . . . . . . . . . . . . . . . . 16 . . . 4 3 . Parts Lost 78 | . . . 4 . 2 . . . . . . . . 6 15 1 12 . . . 4 12 22 Power 11 | . . . 2 . 1 . . . . . . . . 1 1 . 2 . . . . 1 3 Propulsion 17 | . . . . . . . . . . . . . . 2 5 1 4 . . . . 1 4 Utility 25 | . . . . . 1 . . . . . . . . 2 2 . 1 . . . 3 9 7 Weapon 25 | . . . 2 . . . . . . . . . . 1 7 . 5 . . . 1 1 8 Highest Loss Streak 19 | . . . 1 . 2 . . . . . . . . 3 10 4 12 . . . 3 3 19 To Critical Strikes 3 | . . . . . . . . . . . . . . . . . . . . . . . 3 Average Backups 18 | 4 11 19 11 21 21 24 24 25 24 24 24 25 24 24 21 18 7 8 21 24 23 22 22 Power . | . 1 2 . . . . . . . . 1 1 1 1 1 1 . . 2 2 1 . 3 Propulsion 2 | 2 2 4 2 2 . 2 1 1 . . . 1 1 . . . . . 6 7 2 1 2 Utility 6 | . 1 3 1 8 10 10 10 11 10 10 10 9 9 9 8 6 3 4 7 7 8 5 7 Weapon 7 | . 5 10 5 8 7 10 10 10 10 9 10 10 9 9 8 6 . 2 6 5 6 10 8 Tool/Special . | . . . . . . . . . . . . . . . . . . . . . . . . Unused Backups 85 | . 5 . . 10 2 . . . 1 . 1 1 4 . . . 5 . . 12 19 12 13 Power 15 | . . . . 1 . . . . . . . . . . . . 1 . . 5 4 . 4 Propulsion 30 | . 4 . . 2 . . . . . . . . . . . . 1 . . 4 9 7 3 Utility 20 | . . . . 3 2 . . . . . . . 3 . . . 1 . . . 4 2 5 Weapon 16 | . 1 . . 4 . . . . 1 . 1 1 1 . . . 1 . . 3 1 2 . Tool/Special 4 | . . . . . . . . . . . . . . . . . 1 . . . 1 1 1 Average Slot Usage (%) 85 | . 99 100 86 85 91 92 92 93 94 94 94 94 93 91 70 68 12 60 91 94 87 78 77 Engine 6 | . 14 14 13 10 . 5 6 6 6 5 2 . . . . . . . . . . . . Core 2 | . . . . 3 7 6 6 6 6 5 8 11 11 10 5 8 . . . . . 1 7 Reactor 1 | . . . . . . . . . . . . . . . 1 . . 3 5 4 4 3 4 Treads 21 | . 27 28 28 27 32 33 33 33 33 29 29 29 29 28 17 . . . . . 5 14 12 Leg 3 | . . . . . . . . . . . . . . . 6 21 1 17 31 28 16 . . Device 9 | . 14 11 2 . 12 6 6 6 13 7 5 5 9 10 5 13 2 12 18 23 20 20 16 Storage 6 | . 14 14 6 13 6 6 6 6 6 5 5 5 5 5 5 5 1 2 5 4 4 4 4 Processor 1 | . . . . . . . . . . 5 5 5 5 5 5 5 1 . . . 3 1 7 Protection 8 | . . 3 8 13 9 13 12 13 7 4 5 5 4 5 2 . 2 9 6 8 6 7 3 Energy Gun 6 | . . . 2 . 3 13 12 13 13 10 11 11 11 11 6 4 . 8 17 18 12 9 . Energy Cannon 4 | . . . 10 . 5 . . . . . . . . . . 2 . . . . 6 4 7 Ballistic Gun 9 | . 27 18 11 15 9 5 6 6 5 10 11 11 9 10 6 . . . 4 4 2 3 6 Peak Build Rating 290 | 7 10 11 13 24 51 69 69 69 77 90 94 94 99 100 103 83 86 118 140 159 203 254 290 Average Rating 83 | 5 9 10 11 15 42 67 68 69 66 87 92 94 96 97 86 78 15 82 136 154 185 214 271 On Entrance 78 | . 7 10 10 13 24 51 69 69 69 73 90 94 94 99 87 64 83 10 118 138 157 202 251 Avg Prop Armor Cover (%) 5 | . . . . . . . . . . . . . . 3 5 . . 1 . . 9 13 . Naked Turns 178 | . . . . 92 . . . . . . . . . . . . 86 . . . . . . Heaviest Build 203 | 14 91 95 98 111 136 150 151 150 152 143 135 136 144 153 147 133 133 151 166 177 190 203 193 Greatest Support 290 | 40 40 40 40 40 111 116 116 116 131 131 138 138 138 138 113 90 50 140 150 150 240 290 280 Greatest Overweight (x) 28 | . 2 2 2 28 1 1 1 1 1 1 1 . 1 1 5 1 2 2 1 1 2 1 1 Average Overweight (x) . | . . 2 . 1 1 1 1 1 . . . . . . 1 1 . . 1 1 . . . Largest Inventory Capacity 25 | 8 25 25 25 25 25 25 25 25 25 25 25 25 25 25 25 25 25 25 25 25 25 25 25 Average Capacity 21 | 7 14 25 14 24 25 25 25 25 25 25 25 25 25 25 25 25 8 16 25 25 25 25 25 Most Carried 25 | 7 19 19 25 25 25 25 25 25 25 25 25 25 25 25 23 22 18 25 24 25 25 25 25 Average Carried 19 | 4 11 19 11 22 21 24 24 25 24 24 24 25 24 24 21 18 6 8 21 24 24 24 24 Final Capacity 25 | 8 25 25 25 25 25 25 25 25 25 25 25 25 25 25 25 25 5 25 25 25 25 25 25 Final Carried 25 | 6 19 19 25 25 25 25 25 25 25 25 25 25 25 23 22 18 5 24 23 25 25 24 15 Class Distribution -------------------- 32% | Mutant 28% | Scavenger-Tank 10% | Subdweller-Mutant 9% | Scavenger-Gunner 5% | Tank 4% | Derelict-Mutant 3% | Scavenger-Mutant Dominant Class ---------------- Mutant | -10/Materials Mutant | -10/Mines Mutant | -10/Subcaves Mutant | -8/Scraptown Derelict-Tank | -6/Factory Scavenger-Tank | -6/Lower Caves Scavenger-Tank | -6/Lower Caves Scavenger-Tank | -6/Data Miner Scavenger-Tank | -5/Proximity Caves Scavenger-Gunner | -5/Factory Scavenger-Gunner | -5/Upper Caves Scavenger-Gunner | -5/Upper Caves Scavenger-Gunner | -5/Zhirov Scavenger-Gunner | -4/Proximity Caves Scavenger-Gunner | -4/Factory Scavenger-Mutant | -4/Upper Caves Mutant | -4/Upper Caves Derelict-Mutant | -4/Warlord Scavenger-Tank | -3/Proximity Caves Scavenger-Tank | -3/Research Scavenger-Tank | -3/Quarantine Scavenger-Tank | -3/Protoforge Scavenger-Tank | -2/Research Resources | -11 -10 -10 -10 -8 -6 -6 -6 -6 -5 -5 -5 -5 -5 -4 -4 -4 -4 -4 -3 -3 -3 -3 -2 ----------- Run | Yrd Mat Min Sub Scr Fac Low Low Dat Pro Fac Upp Upp Zhi Pro Fac Upp Upp War Pro Res Qua Frg Res Matter Collected 10064 | 298 481 20 900 162 627 218 157 . 196 258 82 42 548 201 372 95 105 290 200 178 1319 2772 543 Remotely 249 | . . . . . 10 . . . . . . . . . . . . . . . 239 . . Salvage Created 22314 | 122 760 20 741 . 1161 137 346 . 402 368 254 121 348 250 445 179 74 . 346 671 2662 6993 5914 Parts 984 | 2 54 4 57 . 50 6 18 . 30 21 11 7 20 17 15 5 1 . 11 32 136 281 206 Haulers Intercepted 4 | . 2 . . . 2 . . . . . . . . . . . . . . . . . . Recyclers Shooed 7 | . 1 . . . 5 . . . . 1 . . . . . . . . . . . . . Parts Field Recycled . | . . . . . . . . . . . . . . . . . . . . . . . . Retrieved Matter . | . . . . . . . . . . . . . . . . . . . . . . . . Parts Self-Destructed 108 | . . . 21 . . 3 5 . 27 . . 6 17 14 . 5 1 . 9 . . . . Prevented 3 | . . . . . . . . . . . . 3 . . . . . . . . . . . Parts Restored 14 | . . . . . . . . . . . . . . . . . . . . . . 14 . Faulty 14 | . . . . . . . . . . . . . . . . . . . . . . 14 . Kills | -11 -10 -10 -10 -8 -6 -6 -6 -6 -5 -5 -5 -5 -5 -4 -4 -4 -4 -4 -3 -3 -3 -3 -2 ------- Run | Yrd Mat Min Sub Scr Fac Low Low Dat Pro Fac Upp Upp Zhi Pro Fac Upp Upp War Pro Res Qua Frg Res Combat Hostiles Destroyed 338 | . 17 3 21 . 8 7 5 . 10 5 . 2 . 3 6 3 1 . 5 7 31 121 83 Melee 1 | . . . . . . . . . . . . . . . . . . . . . . 1 . Guns 125 | . 8 . 9 . 3 3 5 . 6 5 . 2 . 3 2 1 1 . 5 5 12 50 5 Cannons 90 | . . . 8 . 5 . . . . . . . . . 3 . . . . . 3 28 43 AOE 80 | . 9 3 3 . . 4 . . 4 . . . . . . 2 . . . . 1 29 25 Classes Destroyed 31 | 2 5 . 2 . 3 . 1 . 1 . . . . 1 . . . . . . 1 10 5 Worker 10 | . 2 . . . 1 . . . . . . . . . . . . . . . 6 1 . Builder 4 | . . . . . 1 . . . . . . . . . 1 . . . . . . 2 . Tunneler 4 | 1 1 . . . 1 . . . . . . . . . . . . . . 1 . . . Hauler 4 | . 2 . . . 2 . . . . . . . . . . . . . . . . . . Recycler 10 | 1 4 . . . 4 . . . . . . . . . . . . . . 1 . . . Carrier 4 | . . . . . . . . . . . . . . . . . . . . . . . 4 Mechanic 3 | . . . . . . . . . . . . . . . . . . . . . . 2 1 Operator 2 | . . . . . . . . . . . . . . . . . . . . . . 1 1 Drone 7 | . . . . . . . . . . . . . . . . . . . . . . 7 . Watcher 5 | . 1 . . . . . . . . . . . . . . . . . . . 1 . 3 Swarmer 53 | . 12 3 6 . . 7 4 . 6 . . . . . . . . . . . . 10 5 Saboteur 7 | . . . . . . . . . . . . . . . . . . . . . . 3 4 Grunt 87 | . 5 . 2 . 4 . . . 1 . . 1 . . 4 1 1 . 1 . 5 32 30 Brawler 9 | . . . . . . . . . . . . . . . . . . . . . . 4 5 Duelist 6 | . . . . . . . . . . . . . . . . . . . . . . 5 1 Protector 4 | . . . . . . . . . . . . . . . . . . . . . . 1 3 Sentry 23 | . . . . . . . . . 1 1 . . . . . . . . 1 1 2 11 6 Specialist 3 | . . . . . . . . . . . . . . . . . . . . . . 3 . Hunter 34 | . . . . . 3 . . . 2 4 . 1 . . 2 2 . . . . 7 2 11 Programmer 50 | . . . . . 1 . 1 . . . . . . 2 . . . . 3 5 6 19 13 Heavy 1 | . . . . . . . . . . . . . . . . . . . . . . . 1 Behemoth 2 | . . . . . . . . . . . . . . 1 . . . . . 1 . . . Quarantine Guard 10 | . . . . . . . . . . . . . . . . . . . . . 10 . . Hotshot 13 | . . . . . . . . . . . . . . . . . . . . . . 13 . Decapitator 7 | . . . . . . . . . . . . . . . . . . . . . . 7 . Immortal 2 | . . . . . . . . . . . . . . . . . . . . . . 2 . Investigator 1 | . . . . . . . . . . . . . . . . . . . . . . . 1 Striker 2 | . . . . . . . . . . . . . . . . . . . . . . . 2 Executioner 2 | . . . . . . . . . . . . . . . . . . . . . . . 2 Alpha 7 2 | . . . . . . . . . . . . . . . . . . . . . . 2 . Fortress 1 | . . . . . . . . . . . . . . . . . . . . . 1 . . Artisan 1 | . . . 1 . . . . . . . . . . . . . . . . . . . . Subdweller 13 | . . . 13 . . . . . . . . . . . . . . . . . . . . Samaritan 8 | . . . . . . . 3 . . . 5 . . . . . . . . . . . . Best Kill Streak 26 | 2 4 3 4 . 9 4 4 . 5 4 . 1 . 2 3 3 1 . 1 3 5 17 26 Combat Bots Only 24 | . 3 3 4 . 3 4 4 . 5 4 . 1 . 2 2 3 1 . 1 3 3 14 24 Max Kills in Single Turn 8 | 1 4 3 3 . 2 2 1 . 4 1 1 1 . 1 1 1 1 . 1 1 2 5 8 Gunslinging 1 | . . . . . . . . . . . . . . . . . . . . . 1 1 . Exploded 5 | . 3 3 3 . . 2 . . 4 . . . . . . 1 . . . . 1 5 5 Melee 1 | . . . . . . . . . . . . . . . . . . . . . . 1 . Uniques/NPCs Destroyed . | . . . . . . . . . . . . . . . . . . . . . . . . Combat | -11 -10 -10 -10 -8 -6 -6 -6 -6 -5 -5 -5 -5 -5 -4 -4 -4 -4 -4 -3 -3 -3 -3 -2 -------- Run | Yrd Mat Min Sub Scr Fac Low Low Dat Pro Fac Upp Upp Zhi Pro Fac Upp Upp War Pro Res Qua Frg Res Hostile Shots Fired 2440 | . 58 9 97 . 101 57 34 . 28 32 . 10 . 58 170 26 166 . 56 49 351 540 598 Missed 702 | . 18 . 31 . 29 10 11 . 4 7 . 5 . 17 34 9 58 . 32 21 162 99 155 Deflected 13 | . . . . . . . . . . . . . . . . . . . . . . 13 . Hits 1738 | . 40 9 66 . 72 47 23 . 24 25 . 5 . 41 136 17 108 . 24 28 189 441 443 Melee 34 | . . . . . . . . . . . . . . . . . . . . . . 19 15 Projectile 1704 | . 40 9 66 . 72 47 23 . 24 25 . 5 . 41 136 17 108 . 24 28 189 422 428 AOE 14 | . . . 4 . . . . . . . . . . . . . . 1 . . 2 6 1 Critical Strikes 107 | . . . 3 . 2 . . . 1 1 . . . 3 4 1 8 . 2 1 13 33 35 Actively Blocked 1 | . . . . . . . . . . . . . . . . . . . . 1 . . . Part Disruptions 5 | . . . . . . . . . . . . . . . . . . . . . . 2 3 Damage Taken 30735 | . 357 69 1329 . 970 519 267 . 379 448 . 89 . 1197 2213 355 2078 60 293 391 3010 7864 8847 Core 3651 | . 64 . 97 . 32 11 27 . 24 37 . 15 . 32 144 57 843 . 12 59 212 525 1460 Absorbed by Shields 5983 | . . . . . . . . . . . . . . 150 348 . . . 189 282 1004 2341 1669 Reduced by Siege Mode 865 | . . . . . . . . . . . . . . . . . . . . . 45 441 379 Redirected to Shielding 312 | . . . . . . . . . . . . . . . . . . . 10 56 78 168 . Ignored by Resistances 4137 | . . . . . 237 235 105 . 104 . . . . . . . . . 67 . 291 2239 859 Regen/Repaired (Parts) 388 | . . . . 388 . . . . . . . . . . . . . . . . . . . Core Remaining (%) 58 | 100 . . . 35 . . . . 88 . . . . 91 . . . . 7 . . 30 . Volleys Fired 958 | 8 46 1 140 . 44 21 19 . 11 11 7 4 34 15 35 13 16 . 24 32 127 247 103 Largest 5 | 2 2 1 2 . 3 3 3 . 3 4 4 4 2 4 4 1 3 . 3 5 5 5 5 Hottest 560 | 40 43 33 100 . 163 173 188 . 188 221 221 221 160 221 178 90 145 . 194 328 433 484 560 Shots Fired 2123 | 16 84 1 161 . 130 43 60 . 30 44 20 16 39 53 61 13 24 . 61 92 317 664 194 Gun 1428 | 16 76 . 81 . 86 33 60 . 29 44 20 16 10 51 45 6 14 . 61 88 194 466 32 Cannon 562 | . . . 47 . 43 4 . . . . . . . . 9 2 10 . . . 120 168 159 Launcher 67 | . 8 1 1 . 1 6 . . 1 . . . . 2 7 5 . . . 4 3 25 3 Special 66 | . . . 32 . . . . . . . . . 29 . . . . . . . . 5 . Kinetic 710 | 16 76 . 77 . 77 11 20 . 9 22 8 8 . 25 43 . 12 . 24 26 62 134 60 Thermal 1261 | . . . 83 . 44 26 40 . 20 22 12 8 39 26 11 8 12 . 37 66 194 482 131 Explosive 45 | . 8 1 1 . 1 6 . . 1 . . . . 2 . 5 . . . . . 20 . Electromagnetic 102 | . . . . . 8 . . . . . . . . . 7 . . . . . 61 23 3 Robot Hit Streak 47 | 4 6 . 10 . 10 4 7 . 8 16 6 6 9 10 6 7 8 . 9 9 20 47 17 Robot Miss Streak 10 | 2 3 . 3 . 2 10 2 . 1 1 1 2 1 2 4 1 3 . 2 2 5 7 3 Penetration Max 2 | . . . . . . . . . . . . . . . . . . . . . 1 2 1 Secondary Targets 25 | . 2 . 3 . . 2 1 . . 1 . . . 1 . . . . . . 3 10 2 Max Gunslinging Chain 1 | . 1 . 1 . . 1 1 . . 1 . . . 1 . . . . . . 1 1 1 Shots Hit Robots 1279 | 7 51 . 63 . 78 10 30 . 19 29 13 8 33 37 33 9 11 . 37 48 173 468 122 Core Hits 681 | 3 37 3 27 . 42 8 13 . 15 12 9 3 13 10 19 9 6 . 11 18 66 236 121 Critical Kills 42 | . . . 1 . . . . . 2 3 1 1 . . . . . . . 1 4 14 15 Critical Parts Destroyed 30 | . . . 1 . . 2 1 . 2 . . . . 4 . . 1 . . 1 6 10 2 Critical Strikes 116 | . . . 3 . . 3 1 . 5 3 1 1 . 6 . . 1 . 4 5 12 54 17 Burn 33 | . . . . . . 1 . . . . . . . . . . . . 4 3 1 24 . Meltdown 19 | . . . 1 . . . . . . . . . . . . . . . . . 1 5 12 Destroy 63 | . . . 2 . . 2 1 . 5 3 1 1 . 6 . . 1 . . 2 9 25 5 Corrupt 1 | . . . . . . . . . . . . . . . . . . . . . 1 . . Melee Attacks 14 | . . . . . . . . . . . . . . . . . . . . . 4 10 . Kinetic 4 | . . . . . . . . . . . . . . . . . . . . . 4 . . Impact . | . . . . . . . . . . . . . . . . . . . . . . . . Slashing 10 | . . . . . . . . . . . . . . . . . . . . . . 10 . Piercing . | . . . . . . . . . . . . . . . . . . . . . . . . Sneak Attacks 2 | . . . . . . . . . . . . . . . . . . . . . . 2 . Combat Hostiles . | . . . . . . . . . . . . . . . . . . . . . . . . Follow-up Attacks . | . . . . . . . . . . . . . . . . . . . . . . . . Damage Inflicted 63928 | 79 1494 164 1402 . 1826 548 737 . 703 646 302 161 363 1014 1085 439 369 . 1052 1220 5915 24929 19480 Guns 24623 | 77 734 . 590 . 924 261 737 . 439 623 302 161 174 1014 563 118 266 . 1052 1192 3186 11391 819 Cannons 22143 | . . . 697 . 726 . . . . . . . . . 234 . 103 . . . 2389 7078 10916 Explosions 16225 | . 756 164 115 . 169 287 . . 264 . . . . . 288 321 . . . 28 164 5970 7699 Melee 595 | . . . . . . . . . . . . . . . . . . . . . 122 473 . Ramming 153 | 2 4 . . . 7 . . . . 23 . . . . . . . . . . 54 17 46 Kinetic 13458 | 77 734 . 526 . 796 40 177 . 71 210 131 60 . 488 698 . 217 . 443 217 1117 5095 2361 Thermal 39201 | . . . 761 . 913 221 560 . 368 413 171 101 363 526 99 118 152 . 609 1003 2904 14089 15830 Explosive 6655 | . 756 164 115 . 5 287 . . 264 . . . . . . 321 . . . . . 4324 419 Electromagnetic 3988 | . . . . . 105 . . . . . . . . . 288 . . . . . 1840 931 824 Impact . | . . . . . . . . . . . . . . . . . . . . . . . . Slashing 473 | . . . . . . . . . . . . . . . . . . . . . . 473 . Piercing . | . . . . . . . . . . . . . . . . . . . . . . . . Highest Corruption 46 | . . . . . 1 1 3 3 3 . . . . 16 . . 17 17 2 3 5 46 16 Average Corruption 8 | . . . . . 1 1 2 3 3 . . . . 3 . . 16 17 1 2 3 22 3 Corruption Purged 3 | . . . . . . . . . . . . . . . . . . . . . 3 . . Corruption Blocked . | . . . . . . . . . . . . . . . . . . . . . . . . Effects 337 | . . . . . . 7 17 5 15 . . . . 12 . . 12 2 4 9 53 184 17 Message Errors 69 | . . . . . . . 4 . 5 . . . . 3 . . 3 . 2 1 15 32 4 Matter Fused 84 | . . . . . . 3 4 1 4 . . . . 2 . . 2 1 1 . 16 45 5 Heat Flow Errors 43 | . . . . . . . 2 2 2 . . . . 1 . . 2 1 . 2 7 22 2 Energy Discharges 30 | . . . . . . 1 1 . 2 . . . . 1 . . 1 . . 2 5 15 2 Parts Rejected 5 | . . . . . . . . . . . . . . . . . . . 1 . . 2 2 Parts Fused 5 | . . . . . . 1 . . . . . . . 1 . . . . . . . 3 . Data Loss (minor) 34 | . . . . . . 1 1 . 2 . . . . 4 . . . . . 3 2 21 . Data Loss (major) 14 | . . . . . . . 1 2 . . . . . . . . 1 . . . 3 7 . Misfires 9 | . . . . . . . 3 . . . . . . . . . . . . 1 1 4 . Alerts 12 | . . . . . . 1 1 . . . . . . . . . . . . . 2 8 . Misdirections 5 | . . . . . . . . . . . . . . . . . 3 . . . . 2 . Weapon Failures 27 | . . . . . . . . . . . . . . . . . . . . . 2 23 2 Overload Shots . | . . . . . . . . . . . . . . . . . . . . . . . . Overflow Damage 3354 | . 109 . . . 4 4 . . . . . . 4 . . . . . . . 52 1338 1843 Projectiles 1898 | . . . . . . . . . . . . . 4 . . . . . . . 4 852 1038 Explosions 1284 | . 109 . . . 4 4 . . . . . . . . . . . . . . 45 333 789 Melee 172 | . . . . . . . . . . . . . . . . . . . . . 3 153 16 Knockbacks 41 | . . . . . . . . . . . . . . . 2 . . . . . . 23 16 Impact 2 | . . . . . . . . . . . . . . . . . . . . . . 1 1 Kinetic 31 | . . . . . . . . . . . . . . . 2 . . . . . . 18 11 Secondary 8 | . . . . . . . . . . . . . . . . . . . . . . 4 4 Self-Inflicted Damage 475 | . . . 26 . 41 45 . . 44 . . . . . 6 34 . . . . . 235 44 Shots 18 | . . . 1 . 1 1 . . 1 . . . . . 1 2 . . . . . 6 5 Rammed 8 | 1 2 . . . 1 . . . . 1 . . . . 1 . . . . . . 1 1 Targets Rammed 11 | 1 2 . . . 1 . . . . 1 . . . . 1 . . . . . 3 1 1 Kicked 3 | . . . . . . . . . . . . . . . . . . . . . 3 . . Crushed . | . . . . . . . . . . . . . . . . . . . . . . . . Highest Temperature 684 | . 22 . 87 . 34 252 299 208 380 252 270 410 . 497 383 15 190 145 200 65 199 347 684 Average Temperature 107 | . 2 . 24 . 17 136 109 89 157 108 103 173 . 164 234 9 106 80 114 35 76 97 131 Received Heat Transfer 3949 | . 72 . 252 . 148 . . . 45 9 . 9 . 376 347 61 468 . 20 46 337 1231 528 Thermoelectric Energy+ 1744 | . . . . . . . . . . . . . . . . . . . . . . . 1744 Effects 23 | . . . . . . . . . . . . 3 . 6 3 . . . . . . . 11 Shutdowns 6 | . . . . . . . . . . . . 2 . 2 1 . . . . . . . 1 Energy Bleed 4 | . . . . . . . . . . . . . . 2 . . . . . . . . 2 Interference 7 | . . . . . . . . . . . . . . . . . . . . . . . 7 Matter Decay 1 | . . . . . . . . . . . . . . . 1 . . . . . . . . Short Circuit 2 | . . . . . . . . . . . . . . 1 1 . . . . . . . . Damage (minor) 2 | . . . . . . . . . . . . 1 . . . . . . . . . . 1 Damage (major) 1 | . . . . . . . . . . . . . . 1 . . . . . . . . . Siege Activations 55 | . . . . . . . . . . . . . . . . . . . . . 10 31 14 Total Turns 708 | . . . . . . . . . . . . . . . . . . . . . 57 479 172 Longest Duration 49 | . . . . . . . . . . . . . . . . . . . . . 10 40 49 Martial Activations . | . . . . . . . . . . . . . . . . . . . . . . . . Shielding Activations . | . . . . . . . . . . . . . . . . . . . . . . . . Robots Disrupted 2 | . . . . . . . . . . . . . . . . . . . . . . 2 . Combat Hostiles 2 | . . . . . . . . . . . . . . . . . . . . . . 2 . Robots Corrupted 21 | . . . . . . . . . . . . . . . 1 . . . . . 14 5 1 Combat Hostiles 19 | . . . . . . . . . . . . . . . 1 . . . . . 13 5 . Parts Fried 62 | . . . . . 1 . . . . . . . . . 2 . . . . . 44 12 3 Impact Corruptions 3 | . . . . . . . . . . . . . . . . . . . . . 1 . 2 Robots Melted 26 | . . . 1 . . . . . . . . . . . . . . . . 2 2 7 14 Combat Hostiles 21 | . . . 1 . . . . . . . . . . . . . . . . 2 1 7 10 Parts Melted 99 | . . . 3 . 2 1 3 . 2 8 2 . . 1 . 2 . . 4 18 3 28 22 Heat Transferred 39516 | . . . 1037 . 1384 407 851 . 555 629 259 148 856 703 148 185 185 . 1290 1988 3796 16040 9055 Parts Sabotaged 4 | . . . . . . . . . . . . . . . . . . . . . . . 4 Parts Stolen . | . . . . . . . . . . . . . . . . . . . . . . . . Parts Stripped 18 | . . . . . . . . . . . . . . . . . . . . . 18 . . Power Chain Reactions 2 | . . . . . 1 . . . . . . . . . . . . . . . . . 1 Alert | -11 -10 -10 -10 -8 -6 -6 -6 -6 -5 -5 -5 -5 -5 -4 -4 -4 -4 -4 -3 -3 -3 -3 -2 ------- Run | Yrd Mat Min Sub Scr Fac Low Low Dat Pro Fac Upp Upp Zhi Pro Fac Upp Upp War Pro Res Qua Frg Res Maximum Alert Level 5 | . . . . . . . . . . . . . . . . . . . . . 2 5 5 Low Security (%) 42 | 100 100 100 . . 100 . . . . 100 . . . . 100 . . . . 100 30 . . Level 1 7 | . . . . . . . . . . . . . . . . . . . . . 22 5 . Level 2 12 | . . . . . . . . . . . . . . . . . . . . . 46 1 . Level 3 5 | . . . . . . . . . . . . . . . . . . . . . . 17 . Level 4 10 | . . . . . . . . . . . . . . . . . . . . . . 24 28 Level 5 16 | . . . . . . . . . . . . . . . . . . . . . . 49 22 High Security 4 | . . . . . . . . . . . . . . . . . . . . . . . 49 Max Security . | . . . . . . . . . . . . . . . . . . . . . . . . Peak Influence 4356 | 10 168 97 . . 129 . . . . 96 . . . . 54 . . . . 129 557 2954 4356 Initial 1658 | . . 27 . . . . . . . . . . . . . . . . . 3 61 293 1658 Average 805 | . 84 63 . . 46 . . . . 20 . . . . 10 . . . . 33 322 1610 2348 Influence Increases 10675 | 10 511 80 255 . 277 240 120 . 220 165 . 65 15 80 182 70 110 30 120 285 1216 3510 3114 Destroy 0b10 Robot/C 6380 | . 340 60 160 . 160 140 100 . 200 100 . 40 . 60 120 60 20 . 100 140 620 2260 1700 Destroy 0b10 Robot/NC 285 | 10 50 . . . 45 . . . . . . . 15 . 5 . . . . 10 35 75 40 Destroy Leader 1088 | . 66 10 20 . 44 10 20 . 20 30 . 10 . 20 20 10 . . 20 50 152 280 306 Successful Hack 21 | . 7 . . . . . . . . 14 . . . . . . . . . . . . . Disable Machine 630 | . . . . . 15 . . . . . . . . . 15 . . . . 30 240 240 90 Anti-Garrison Action 300 | . . . . . . . . . . . . . . . . . . . . . . 150 150 Destroy Structure 1506 | . 48 10 . . 13 . . . . 6 . . . . 22 . . . . 40 94 460 813 Partial Spotted 30 | . . . . . . . . . . . . . . . . . . . . . 30 . . Lose Combat Pursuer 435 | . . . 75 . . 90 . . . 15 . 15 . . . . 90 30 . 15 45 45 15 Influence Decreases 6417 | 10 440 104 302 . 237 280 120 . 220 165 . 65 15 80 182 70 110 12 132 181 804 1083 1805 Entered New Map 1674 | . . 44 25 . . 15 . . . . . . . . . . . . 18 3 49 229 1291 Time Decay 4189 | 10 440 60 237 . 217 265 120 . 220 165 . 65 15 80 98 60 90 12 114 178 715 734 294 Lost Part 554 | . . . 40 . 20 . . . . . . . . . 84 10 20 . . . 40 120 220 Squads Dispatched 72 | . 2 . . . 3 . . . . 3 . . . . 2 . . . . 1 5 28 28 Investigation 1 | . . . . . . . . . . 1 . . . . . . . . . . . . . Extermination 18 | . . . . . 2 . . . . 2 . . . . . . . . . 1 4 7 2 Reinforcement 10 | . 2 . . . 1 . . . . . . . . . 2 . . . . . 1 3 1 Assault 40 | . . . . . . . . . . . . . . . . . . . . . . 16 24 Garrison 3 | . . . . . . . . . . . . . . . . . . . . . . 2 1 Intercept . | . . . . . . . . . . . . . . . . . . . . . . . . Searches Triggered . | . . . . . . . . . . . . . . . . . . . . . . . . Data Miner Redirects 10 | . . . . . . . . . . 1 . . . . . . . . . . . 9 . Construction Impeded 3 | . . . . . . . . . . . . . . . 2 . . . . . . 1 . Haulers Reinforced 1 | . . . . . 1 . . . . . . . . . . . . . . . . . . Active Scanning Responses . | . . . . . . . . . . . . . . . . . . . . . . . . Cargo Convoy Interrupts . | . . . . . . . . . . . . . . . . . . . . . . . . Stealth | -11 -10 -10 -10 -8 -6 -6 -6 -6 -5 -5 -5 -5 -5 -4 -4 -4 -4 -4 -3 -3 -3 -3 -2 --------- Run | Yrd Mat Min Sub Scr Fac Low Low Dat Pro Fac Upp Upp Zhi Pro Fac Upp Upp War Pro Res Qua Frg Res Distress Signals 17 | . 1 . . . . . . . . 1 . . . . 1 . . 1 . . 4 5 4 Communications Jammed 18 | . . . . . . . . . . . . . . . . . . . . . . . 18 Distress Signals 18 | . . . . . . . . . . . . . . . . . . . . . . . 18 Times Spotted 482 | . 27 3 26 . 10 10 5 . 10 6 . 4 . 3 8 3 11 21 5 8 42 137 143 Peak Tracking Total 20 | . 4 3 6 . 4 4 4 . 5 4 . 1 . 2 4 3 4 15 2 3 5 9 20 Tactical Retreats 16 | . . . 2 . . 3 . . . 1 . 1 . . . . 3 1 . 1 1 2 1 Traps | -11 -10 -10 -10 -8 -6 -6 -6 -6 -5 -5 -5 -5 -5 -4 -4 -4 -4 -4 -3 -3 -3 -3 -2 ------- Run | Yrd Mat Min Sub Scr Fac Low Low Dat Pro Fac Upp Upp Zhi Pro Fac Upp Upp War Pro Res Qua Frg Res Traps Triggered 15 | . 1 . . . . . . . . 1 . . . . . . . . . . 6 6 1 Indirectly . | . . . . . . . . . . . . . . . . . . . . . . . . Trap Hack Attempts . | . . . . . . . . . . . . . . . . . . . . . . . . Triggered . | . . . . . . . . . . . . . . . . . . . . . . . . Disarmed . | . . . . . . . . . . . . . . . . . . . . . . . . Reprogrammed . | . . . . . . . . . . . . . . . . . . . . . . . . Reused . | . . . . . . . . . . . . . . . . . . . . . . . . Traps Extracted . | . . . . . . . . . . . . . . . . . . . . . . . . Installed . | . . . . . . . . . . . . . . . . . . . . . . . . Triggered . | . . . . . . . . . . . . . . . . . . . . . . . . Machines | -11 -10 -10 -10 -8 -6 -6 -6 -6 -5 -5 -5 -5 -5 -4 -4 -4 -4 -4 -3 -3 -3 -3 -2 ---------- Run | Yrd Mat Min Sub Scr Fac Low Low Dat Pro Fac Upp Upp Zhi Pro Fac Upp Upp War Pro Res Qua Frg Res Machines Disabled 55 | . . . . . 1 1 . . . . . . 1 . 1 . . . . 2 17 25 7 Max in Single Turn 2 | . . . . . 1 1 . . . . . . 1 . 1 . . . . 1 2 1 1 Garrison Access 2 | . . . . . . . . . . . . . . . . . . . . . . 1 1 Machines Repaired . | . . . . . . . . . . . . . . . . . . . . . . . . Machines Dismantled . | . . . . . . . . . . . . . . . . . . . . . . . . Machines Sabotaged . | . . . . . . . . . . . . . . . . . . . . . . . . Overloaded Fab Kills . | . . . . . . . . . . . . . . . . . . . . . . . . Hacking | -11 -10 -10 -10 -8 -6 -6 -6 -6 -5 -5 -5 -5 -5 -4 -4 -4 -4 -4 -3 -3 -3 -3 -2 --------- Run | Yrd Mat Min Sub Scr Fac Low Low Dat Pro Fac Upp Upp Zhi Pro Fac Upp Upp War Pro Res Qua Frg Res Machines Accessed 31 | . 2 . 2 2 . 1 . 3 . 1 3 1 4 . 1 . 1 1 . 1 4 2 2 Terminals 7 | . 2 . . . . . . . . 1 . . . . 1 . . . . . 2 1 . Fabricators . | . . . . . . . . . . . . . . . . . . . . . . . . Repair Stations . | . . . . . . . . . . . . . . . . . . . . . . . . Recycling Units . | . . . . . . . . . . . . . . . . . . . . . . . . Scanalyzers 3 | . . . . . . . . . . . . . . . . . . . . 1 2 . . Garrison Access 3 | . . . . . . . . . . . . . . . . . . . . . . 1 2 Total Hacks 103 | . 4 . 6 30 . 1 . 18 . 2 7 1 16 . 1 . 1 1 . 1 7 3 4 Successful 85 | . 1 . 6 30 . 1 . 18 . 1 7 1 16 . 1 . 1 1 . . 1 . . Failed 17 | . 3 . . . . . . . . 1 . . . . . . . . . 1 5 3 4 Catastrophic 7 | . 1 . . . . . . . . . . . . . . . . . . . 2 2 2 Database Lockouts 1 | . . . . . . . . . . . . . . . . . . . . . 1 . . Manual 13 | . 4 . . . . . . . . 2 . . . . 1 . . 1 . . 3 2 . Terminals 13 | . 4 . . . . . . . . 2 . . . . 1 . . . . . 4 2 . Fabricators . | . . . . . . . . . . . . . . . . . . . . . . . . Repair Stations . | . . . . . . . . . . . . . . . . . . . . . . . . Recycling Units . | . . . . . . . . . . . . . . . . . . . . . . . . Scanalyzers 4 | . . . . . . . . . . . . . . . . . . . . 1 3 . . Garrison Access 5 | . . . . . . . . . . . . . . . . . . . . . . 1 4 Terminal Hacks 84 | . 1 . 6 30 . 1 . 18 . 1 7 1 16 . 1 . 1 1 . . . . . Record 39 | . . . 5 22 . 1 . 2 . . 5 . 4 . . . . . . . . . . Part Schematic 15 | . 1 . . . . . . 10 . . . . 4 . . . . . . . . . . Robot Schematic 3 | . . . . . . . . 3 . . . . . . . . . . . . . . . Robot Analysis 12 | . . . . 8 . . . . . . . . 4 . . . . . . . . . . Prototype ID Bank 7 | . . . . . . . . 3 . . . . 4 . . . . . . . . . . Open Door 5 | . . . . . . . . . . . 2 1 . . . . 1 1 . . . . . Branch Access Points 2 | . . . . . . . . . . 1 . . . . 1 . . . . . . . . Proto ID Catalog 1 | . . . 1 . . . . . . . . . . . . . . . . . . . . Fabricator Hacks . | . . . . . . . . . . . . . . . . . . . . . . . . Repair Station Hacks . | . . . . . . . . . . . . . . . . . . . . . . . . Recycling Unit Hacks . | . . . . . . . . . . . . . . . . . . . . . . . . Scanalyzer 1 | . . . . . . . . . . . . . . . . . . . . . 1 . . Retrieve Study 1 | . . . . . . . . . . . . . . . . . . . . . 1 . . Garrison Access Hacks . | . . . . . . . . . . . . . . . . . . . . . . . . Unauthorized Hacks . | . . . . . . . . . . . . . . . . . . . . . . . . Terminals . | . . . . . . . . . . . . . . . . . . . . . . . . Fabricators . | . . . . . . . . . . . . . . . . . . . . . . . . Repair Stations . | . . . . . . . . . . . . . . . . . . . . . . . . Recycling Units . | . . . . . . . . . . . . . . . . . . . . . . . . Scanalyzers . | . . . . . . . . . . . . . . . . . . . . . . . . Garrison Access . | . . . . . . . . . . . . . . . . . . . . . . . . Data Cores Recovered . | . . . . . . . . . . . . . . . . . . . . . . . . Used . | . . . . . . . . . . . . . . . . . . . . . . . . Hacking Detections 11 | . 2 . . . . . . . . . . . . . . . . . . 1 4 2 2 Full Trace Events . | . . . . . . . . . . . . . . . . . . . . . . . . Feedback Events . | . . . . . . . . . . . . . . . . . . . . . . . . Feedback Blocked . | . . . . . . . . . . . . . . . . . . . . . . . . Robot Schematics Acquired 3 | . . . . . . . . 3 . . . . . . . . . . . . . . . Robots Built . | . . . . . . . . . . . . . . . . . . . . . . . . Authchips . | . . . . . . . . . . . . . . . . . . . . . . . . Time . | . . . . . . . . . . . . . . . . . . . . . . . . Total Robot Build Rating . | . . . . . . . . . . . . . . . . . . . . . . . . Part Schematics Acquired 16 | . 1 . . . . . . 10 . . . . 4 . . . . . . . . 1 . Parts Built . | . . . . . . . . . . . . . . . . . . . . . . . . Authchips . | . . . . . . . . . . . . . . . . . . . . . . . . Time . | . . . . . . . . . . . . . . . . . . . . . . . . Total Part Build Rating . | . . . . . . . . . . . . . . . . . . . . . . . . Part Studies Acquired 1 | . . . . . . . . . . . . . . . . . . . . . 1 . . Parts Repaired . | . . . . . . . . . . . . . . . . . . . . . . . . Time . | . . . . . . . . . . . . . . . . . . . . . . . . Parts Recycled . | . . . . . . . . . . . . . . . . . . . . . . . . Recycled Matter . | . . . . . . . . . . . . . . . . . . . . . . . . Retrieved Matter . | . . . . . . . . . . . . . . . . . . . . . . . . Retrieved Components . | . . . . . . . . . . . . . . . . . . . . . . . . Parts Scanalyzed . | . . . . . . . . . . . . . . . . . . . . . . . . Part Schematics Acquired . | . . . . . . . . . . . . . . . . . . . . . . . . Parts Damaged . | . . . . . . . . . . . . . . . . . . . . . . . . Bothacking | -11 -10 -10 -10 -8 -6 -6 -6 -6 -5 -5 -5 -5 -5 -4 -4 -4 -4 -4 -3 -3 -3 -3 -2 ------------ Run | Yrd Mat Min Sub Scr Fac Low Low Dat Pro Fac Upp Upp Zhi Pro Fac Upp Upp War Pro Res Qua Frg Res Used RIF Installer . | . . . . . . . . . . . . . . . . . . . . . . . . Robots Hacked 2 | . . . . . . . . . . . . . . . . . . . . . . 2 . Non-combat . | . . . . . . . . . . . . . . . . . . . . . . . . Combat . | . . . . . . . . . . . . . . . . . . . . . . . . Robot Hacks Applied . | . . . . . . . . . . . . . . . . . . . . . . . . Manual 2 | . . . . . . . . . . . . . . . . . . . . . . 2 . Relay Couplers Released 4 | . . . . . . . . . . . . . . . . . . . . . . 1 3 Machine Destruction 4 | . . . . . . . . . . . . . . . . . . . . . . 1 3 Fabnet Peak Effective % . | . . . . . . . . . . . . . . . . . . . . . . . . Robots Rewired . | . . . . . . . . . . . . . . . . . . . . . . . . Allies Hacked . | . . . . . . . . . . . . . . . . . . . . . . . . Hacks Repelled . | . . . . . . . . . . . . . . . . . . . . . . . . Allies | -11 -10 -10 -10 -8 -6 -6 -6 -6 -5 -5 -5 -5 -5 -4 -4 -4 -4 -4 -3 -3 -3 -3 -2 -------- Run | Yrd Mat Min Sub Scr Fac Low Low Dat Pro Fac Upp Upp Zhi Pro Fac Upp Upp War Pro Res Qua Frg Res Total Allies . | . . . . . . . . . . . . . . . . . . . . . . . . Largest Group . | . . . . . . . . . . . . . . . . . . . . . . . . Highest-Rated Group . | . . . . . . . . . . . . . . . . . . . . . . . . Highest-Rated Ally . | . . . . . . . . . . . . . . . . . . . . . . . . Initial UFD Resources 35 | . . . . . 24 24 24 24 26 26 26 26 26 28 28 28 28 28 31 31 31 31 35 Total Orders . | . . . . . . . . . . . . . . . . . . . . . . . . Ally Attacks . | . . . . . . . . . . . . . . . . . . . . . . . . Total Damage . | . . . . . . . . . . . . . . . . . . . . . . . . Kills . | . . . . . . . . . . . . . . . . . . . . . . . . Allies Corrupted . | . . . . . . . . . . . . . . . . . . . . . . . . Allies Melted . | . . . . . . . . . . . . . . . . . . . . . . . . Intel | -11 -10 -10 -10 -8 -6 -6 -6 -6 -5 -5 -5 -5 -5 -4 -4 -4 -4 -4 -3 -3 -3 -3 -2 ------- Run | Yrd Mat Min Sub Scr Fac Low Low Dat Pro Fac Upp Upp Zhi Pro Fac Upp Upp War Pro Res Qua Frg Res Active Infowar (turns) 7675 | 42 1190 102 1499 . 259 . . . 518 759 913 545 . . 122 404 20 . . . 1068 1 233 Sensors 958 | . . . . . . . . . 502 56 . . . . . 382 18 . . . . . . Terrain 1242 | . . . . . 174 . . . . . . . . . . . . . . . 1068 . . Structural 3164 | . . . . . 258 . . . 143 759 913 545 . . 122 404 20 . . . . . . Seismic 2833 | 42 1190 102 1499 . . . . . . . . . . . . . . . . . . . . Cloaking 64 | . . . . . . . . . . . . . . . . . . . . . . . 64 Jamming 169 | . . . . . . . . . . . . . . . . . . . . . . . 169 ECM 1 | . . . . . . . . . . . . . . . . . . . . . . 1 . Robot Analysis Total 12 | . . . . 8 . . . . . . . . 4 . . . . . . . . . . Derelict Logs Recovered 14 | . . . 3 5 . . 1 . . . 2 2 . . . . 1 . . . . . . Drone Launches . | . . . . . . . . . . . . . . . . . . . . . . . . Drone Recoveries . | . . . . . . . . . . . . . . . . . . . . . . . . Exploration | -11 -10 -10 -10 -8 -6 -6 -6 -6 -5 -5 -5 -5 -5 -4 -4 -4 -4 -4 -3 -3 -3 -3 -2 ------------- Run | Yrd Mat Min Sub Scr Fac Low Low Dat Pro Fac Upp Upp Zhi Pro Fac Upp Upp War Pro Res Qua Frg Res Turns Passed 34610 | 151 1190 128 8189 5699 774 1125 932 183 633 940 917 625 527 613 511 475 281 1068 730 685 3288 3664 1282 Spaces Moved 14017 | 78 513 31 3125 1807 235 433 353 76 234 350 469 353 194 209 170 216 396 802 335 278 1476 1373 511 Core 867 | 15 . . . 179 . . . . . . . . . . . . 395 278 . . . . . Treads 10903 | 63 513 31 3125 1628 235 433 353 76 234 350 469 353 194 209 108 . . . . . 649 1369 511 Legs 2131 | . . . . . . . . . . . . . . . 62 216 1 408 335 278 827 4 . Wheels . | . . . . . . . . . . . . . . . . . . . . . . . . Hover 116 | . . . . . . . . . . . . . . . . . . 116 . . . . . Flight . | . . . . . . . . . . . . . . . . . . . . . . . . Fastest Speed 50 | 50 160 320 160 50 244 244 244 244 162 162 164 164 164 164 120 190 50 50 186 186 163 160 160 Average Speed 206 | 138 197 320 217 309 244 244 244 244 242 246 187 164 214 242 226 190 50 124 186 186 173 168 161 Slowest Speed 1450 | 160 320 320 340 1450 244 244 244 244 246 248 248 164 244 245 470 190 260 194 186 186 246 245 245 Overloaded Moves . | . . . . . . . . . . . . . . . . . . . . . . . . Propulsion Burnouts . | . . . . . . . . . . . . . . . . . . . . . . . . Robots Hopped . | . . . . . . . . . . . . . . . . . . . . . . . . Potential Cave-ins 72 | . . . . . . . . . . . . . . 1 . . . . . . 3 68 . Cave-ins Triggered 8 | . . . . . . . . . . . . . . 1 . . . . . . . 7 . Teleports 24 | . . . . . . . . . . . . . . . . . . 1 . . . 5 18 Exploration Rate (%) 46 | 4 71 6 96 91 8 61 47 68 50 9 54 58 60 41 6 40 64 86 53 8 89 28 26 Regions Visited 23 Branch Regions 17 Pre-discovered Areas 16 | . . . 2 7 . . . 1 . . 1 1 3 . . . 1 . . . . . . Known Exits Taken 14 | . . . . 1 1 1 . . 1 1 1 1 . 1 1 1 1 . 1 1 . 1 . Unknown Exits Taken 9 | 1 1 1 1 . . . 1 1 . . . . 1 . . . . 1 . . 1 . . Scrap Searched 22 | . . . 2 7 . 3 2 . 1 . 3 . . 2 . 1 1 . . . . . . Spaces Dug 61 | . . . 10 . . . . . . . . . . . . 1 . . . 4 21 17 8 Terrain Destroyed 882 | . 84 11 20 . 9 44 3 . 14 2 1 1 . 25 13 38 6 . 15 23 49 197 327 Melee 2 | . . . . . . . . . . . . . . . . . . . . . . 2 . Projectile 349 | . . . 15 . . . 3 . 2 2 1 1 . . 13 2 6 . 15 10 43 98 138 AOE 530 | . 84 11 5 . 9 44 . . 12 . . . . 25 . 36 . . . 12 6 97 189 Terrain Rammed . | . . . . . . . . . . . . . . . . . . . . . . . . Walls Destroyed . | . . . . . . . . . . . . . . . . . . . . . . . . Machines Disabled . | . . . . . . . . . . . . . . . . . . . . . . . . Actions | -11 -10 -10 -10 -8 -6 -6 -6 -6 -5 -5 -5 -5 -5 -4 -4 -4 -4 -4 -3 -3 -3 -3 -2 --------- Run | Yrd Mat Min Sub Scr Fac Low Low Dat Pro Fac Upp Upp Zhi Pro Fac Upp Upp War Pro Res Qua Frg Res Total 18134 | 106 618 59 4290 1945 349 465 382 75 279 400 495 390 272 281 239 268 455 873 392 398 2010 2300 793 Wait 1927 | . 14 24 938 . 22 . 1 . 7 4 2 29 . 45 6 32 31 12 25 37 180 411 107 Move 13987 | 77 512 30 3124 1806 234 432 352 75 233 349 468 352 193 208 169 215 395 801 334 277 1475 1365 511 Hop . | . . . . . . . . . . . . . . . . . . . . . . . . Pick Up 391 | 13 20 . 31 74 13 1 1 . 5 9 6 2 12 1 11 1 3 22 3 20 58 69 16 Fast Attach 90 | . 3 . 2 1 4 1 2 . 3 1 1 . 3 4 . . . 15 . 4 21 21 4 Attach 159 | 7 . . 5 10 9 1 1 . 5 4 . . 3 2 13 6 6 3 4 3 23 34 20 Detach 22 | . . . 2 . 2 . 1 . 1 1 . . . . 1 1 2 1 . . 3 5 2 Swap 210 | . 10 4 25 2 11 6 2 . 5 9 2 1 3 2 2 . . 4 2 3 44 63 10 Drop 329 | . 11 . 12 52 9 3 3 . 9 9 9 2 16 4 . . 2 15 . 22 72 65 14 Fire 958 | 8 46 1 140 . 44 21 19 . 11 11 7 4 34 15 35 13 16 . 24 32 127 247 103 Melee 14 | . . . . . . . . . . . . . . . . . . . . . 4 10 . Ram . | . . . . . . . . . . . . . . . . . . . . . . . . Kick 3 | . . . . . . . . . . . . . . . . . . . . . 3 . . Crush 8 | 1 2 . . . 1 . . . . 1 . . . . 1 . . . . . . 1 1 Escape Stasis 14 | . . . . . . . . . . . . . . . . . . . . . . 9 5 Rewire 8 | . . . . . . . . . . . . . 8 . . . . . . . . . . Trap . | . . . . . . . . . . . . . . . . . . . . . . . . Miscellaneous 14 | . . . 11 . . . . . . 2 . . . . 1 . . . . . . . . Route ------- -11/Scrapyard -10/Materials (discovered 3 exits: [*Mat x2] / [*Min]) -10/Mines -10/Subcaves (discovered 4 exits: [*Mat x2] / Rec / *Scr) -8/Scraptown (discovered 2 exits: *Fac x2) -6/Factory (discovered 3 exits: Fac / *Low x2) -6/Lower Caves -6/Lower Caves (discovered 2 exits: *Fac / *Dat) -6/Data Miner -5/Proximity Caves -5/Factory (discovered 2 exits: *Upp x2) -5/Upper Caves -5/Upper Caves (discovered 2 exits: Fac / *Zhi) -5/Zhirov -4/Proximity Caves -4/Factory (discovered 5 exits: *Upp x2 / Ext x2 / Arm) -4/Upper Caves -4/Upper Caves (discovered 2 exits: *Res / *War) -4/Warlord -3/Proximity Caves -3/Research (discovered 3 exits: Res / *Qua x2) -3/Quarantine (discovered 3 exits: *Res / [*Sec] / *Frg) -3/Protoforge -2/Research History --------- Turn | Location | Event 114 | -11/Scrapyard | Discovered new exit (range 15) 152 | -11/Scrapyard | Entered Materials 298 | -10/Materials | Discovered new exit (range 8) 306 | -10/Materials | Build established: Mutant 387 | -10/Materials | Discovered new exit (range 16) 771 | -10/Materials | Discovered new exit (range 14) 1342 | -10/Materials | Entered Mines 1347 | -10/Mines | Assembled infested the area 1352 | -10/Mines | Assisted by a Guerilla fighting off Assembled 1453 | -10/Mines | Discovered new exit (range 6) 1470 | -10/Mines | Entered Subcaves 1471 | -10/Subcaves | Approached by a straggling Scientist 2165 | -10/Subcaves | A swath of the cavern ceiling suddenly collapsed 2451 | -10/Subcaves | Scientist uncovered a shortcut to Scraptown 2845 | -10/Subcaves | Build established: Scavenger-Mutant 3125 | -10/Subcaves | Discovered new exit (range 8) 3222 | -10/Subcaves | Ambushed by Subdweller buried in earth 3231 | -10/Subcaves | Core integrity fell below 50% 3262 | -10/Subcaves | Discovered new exit (range 15) 3263 | -10/Subcaves | Shifting Twisted Machinery released Spk. Treads 3277 | -10/Subcaves | Shifting Twisted Machinery released Mak. Kinetic Plating 3640 | -10/Subcaves | A swath of the cavern ceiling suddenly collapsed 3745 | -10/Subcaves | Build established: Subdweller-Mutant 4182 | -10/Subcaves | Build established: Mutant 4590 | -10/Subcaves | Visited 4L-MR0's lab 5044 | -10/Subcaves | Learned location of Zion (-7) 5094 | -10/Subcaves | Build established: Subdweller-Mutant 6265 | -10/Subcaves | Met a Zionite searching for "candidates" 6297 | -10/Subcaves | Learned location of 1 exit from Materials 6506 | -10/Subcaves | Learned Materials terminal intel 6743 | -10/Subcaves | Visited Clippyterm 6747 | -10/Subcaves | Identified exit to Recycling 6747 | -10/Subcaves | Learned Factory trap positions 7013 | -10/Subcaves | Shifting Twisted Machinery released Sub. Power Source 7037 | -10/Subcaves | Shifting Twisted Machinery released Humpback 7041 | -10/Subcaves | Shifting Twisted Machinery released Mak. Light Armor Plating 7119 | -10/Subcaves | Shifting Twisted Machinery released Scrap Shield 8133 | -10/Subcaves | Build established: Mutant 9659 | -10/Subcaves | Entered Scraptown 11285 | -8/Scraptown | Scanned Subdweller tech in exchange for log data 11297 | -8/Scraptown | Learned Factory security intel 11304 | -8/Scraptown | Learned location of 1 exit from Factory 11307 | -8/Scraptown | Learned location of Warlord (-4) 11310 | -8/Scraptown | Learned location of Quarantine (-3) 11358 | -8/Scraptown | Discovered new exit (range 7) 11974 | -8/Scraptown | Visited CR-KLE's Repair Center 12397 | -8/Scraptown | Visited Symbiants 12496 | -8/Scraptown | Visited The Evicted 12557 | -8/Scraptown | Visited SPCMW 12652 | -8/Scraptown | Visited IN-MT5's Study 12693 | -8/Scraptown | Visited Artisan Demo Area 12901 | -8/Scraptown | Visited TADAMA 12992 | -8/Scraptown | Visited UFD Registry 12992 | -8/Scraptown | Registered with UFD as "Zeroroller" 13071 | -8/Scraptown | Visited Supply Room 13157 | -8/Scraptown | Visited Research Penetration Think Tank 13324 | -8/Scraptown | Delivered Scrap Shield to a Scientist 13464 | -8/Scraptown | Visited Analyses Database 13536 | -8/Scraptown | Visited Infowarlord's Domain 13550 | -8/Scraptown | Found Exp. Terrain Scan Processor 13605 | -8/Scraptown | Visited Scrap Suit Storage 13636 | -8/Scraptown | Visited Cartography Club 13704 | -8/Scraptown | Visited DA-N13 Charitable Foundation 13717 | -8/Scraptown | Found DCF Scrap (28 items) 13881 | -8/Scraptown | Visited Scrapoid Research Area 13963 | -8/Scraptown | Visited Science Testing Area 14367 | -8/Scraptown | Learned location of Recycling (-8) 14367 | -8/Scraptown | Learned location of Lower Caves (-6) 14367 | -8/Scraptown | Learned location of Hub_04(d) (-4) 14367 | -8/Scraptown | Learned 8 Research zone layouts 14367 | -8/Scraptown | Learned 12 Research zone layouts 14367 | -8/Scraptown | Learned 4 Access zone layouts 14367 | -8/Scraptown | Learned 20 Lower Caves zone layouts 14367 | -8/Scraptown | Learned 4 Recycling zone layouts 14367 | -8/Scraptown | Learned 24 Upper Caves zone layouts 14367 | -8/Scraptown | Learned 8 Proximity Caves zone layouts 14367 | -8/Scraptown | Learned 16 Proximity Caves zone layouts 14367 | -8/Scraptown | Learned 20 Proximity Caves zone layouts 14367 | -8/Scraptown | Learned 4 Armory zone layouts 14367 | -8/Scraptown | Learned Storage emergency access door positions 14367 | -8/Scraptown | Learned location of 1 exit from Lower Caves 14367 | -8/Scraptown | Learned location of 3 exits from Upper Caves 14367 | -8/Scraptown | Learned location of 3 exits from Proximity Caves 14367 | -8/Scraptown | Identified exit to Factory 14371 | -8/Scraptown | Found Deep Structural Scanner 14812 | -8/Scraptown | Build established: Derelict-Mutant 14984 | -8/Scraptown | CR-KLE repaired 7 parts 15358 | -8/Scraptown | Entered Factory 15358 | -6/Factory | Evolved 8 slots: Power x1, Propulsion x3, Utility x3, Weapon x1 15359 | -6/Factory | Identified exit to Lower Caves 15360 | -6/Factory | Identified exit to Factory 15361 | -6/Factory | Loaded intel: 119 trap records 15956 | -6/Factory | Build established: Derelict-Tank 16132 | -6/Factory | Entered Lower Caves 16133 | -6/Lower Caves | Identified exit to Lower Caves 16134 | -6/Lower Caves | UFD Scientist delivered a prototype 16137 | -6/Lower Caves | Found Prototype Protection 16137 | -6/Lower Caves | Identified Enh. Scrap Shield 16289 | -6/Lower Caves | Found Alien Artifact 16428 | -6/Lower Caves | Build established: Tank 16654 | -6/Lower Caves | Encountered a Warlord checkpoint 16804 | -6/Lower Caves | Build established: Scavenger-Tank 17257 | -6/Lower Caves | Entered another Lower Caves area 17260 | -6/Lower Caves | Discovered exit to Factory (range 15) 17834 | -6/Lower Caves | Discovered new exit (range 15) 18189 | -6/Lower Caves | Entered Data Miner 18189 | -6/Data Miner | Discovered new exit (range 7) 18236 | -6/Data Miner | Met Data Miner 18277 | -6/Data Miner | Learned location of Section 7 (-3) 18277 | -6/Data Miner | Acquired the access code to Warlord's prototype stash 18316 | -6/Data Miner | Received God Mode back door access code from Data Miner 18372 | -6/Data Miner | Entered Proximity Caves 18427 | -5/Proximity Caves | Attracted the attention of an 0b10 checkpoint 19005 | -5/Proximity Caves | Entered Factory 19005 | -5/Factory | Evolved 2 slots: Utility x1, Weapon x1 19362 | -5/Factory | Build established: Scavenger-Gunner 19505 | -5/Factory | Identified exit to Upper Caves 19837 | -5/Factory | Incoming investigation squad redirected 19945 | -5/Factory | Entered Upper Caves 19946 | -5/Upper Caves | Identified exit to Upper Caves 20092 | -5/Upper Caves | Entered an active Warlord outpost 20111 | -5/Upper Caves | Learned location of 1 exit from Research 20111 | -5/Upper Caves | Learned Extension emergency access door positions 20111 | -5/Upper Caves | Learned Armory stockpile data 20111 | -5/Upper Caves | Learned Armory security intel 20129 | -5/Upper Caves | Build established: Derelict-Gunner 20584 | -5/Upper Caves | Build established: Scavenger-Gunner 20602 | -5/Upper Caves | Learned location of Armory (-4) 20862 | -5/Upper Caves | Entered another Upper Caves area 20862 | -5/Upper Caves | Discovered new exit (range 8) 20863 | -5/Upper Caves | Encountered a Warlord checkpoint 20863 | -5/Upper Caves | Identified exit to Zhirov 20871 | -5/Upper Caves | Learned 4 Factory zone layouts 21487 | -5/Upper Caves | Entered Zhirov 21487 | -5/Zhirov | Discovered new exit (range 3) 21517 | -5/Zhirov | Met Zhirov 21574 | -5/Zhirov | Found Alien Artifact 21926 | -5/Zhirov | Learned location of Testing (-2) 21926 | -5/Zhirov | Learned location of Command (-1) 21948 | -5/Zhirov | Zhirov requested help retrieving the SGEMP Prototype 22014 | -5/Zhirov | Entered Proximity Caves 22015 | -4/Proximity Caves | Identified exit to Factory 22375 | -4/Proximity Caves | Spotted B-86 Titan 22466 | -4/Proximity Caves | Destroyed B-86 Titan 22494 | -4/Proximity Caves | Lost 3 parts (1n1u1w) 22561 | -4/Proximity Caves | Crushed by falling debris 22561 | -4/Proximity Caves | System corruption reached 10% 22592 | -4/Proximity Caves | Lost 3 parts (1p1n1u) 22627 | -4/Proximity Caves | Entered Factory 22627 | -4/Factory | Evolved 2 slots: Propulsion x1, Weapon x1 22628 | -4/Factory | Identified exit to Armory 22629 | -4/Factory | Identified exit to Extension 22787 | -4/Factory | Identified exit to Upper Caves 22994 | -4/Factory | Lost 10 parts (3n2u5w) 23138 | -4/Factory | Entered Upper Caves 23139 | -4/Upper Caves | Identified exit to Upper Caves 23173 | -4/Upper Caves | Lost 4 parts (1p2n1w) 23252 | -4/Upper Caves | Build established: Scavenger-Mutant 23613 | -4/Upper Caves | Entered another Upper Caves area 23614 | -4/Upper Caves | Identified exit to Warlord 23636 | -4/Upper Caves | System corruption reached 10% 23662 | -4/Upper Caves | Released all parts (5) 23665 | -4/Upper Caves | Core integrity fell below 50% 23686 | -4/Upper Caves | Lost 12 parts (2p4n1u5w) 23757 | -4/Upper Caves | Discovered new exit (range 5) 23835 | -4/Upper Caves | Ambushed by research squad 23845 | -4/Upper Caves | Spotted B-86 Titan 23849 | -4/Upper Caves | Core integrity fell below 20% 23894 | -4/Upper Caves | Entered Warlord 23902 | -4/Warlord | Build established: Mutant 23909 | -4/Warlord | Discovered new exit (range 9) 23914 | -4/Warlord | Identified Dimensional Node Initializer 23914 | -4/Warlord | Initialized slip node 23931 | -4/Warlord | System corruption cleaned by Quarantine Array 24026 | -4/Warlord | Found Prototype Device 24026 | -4/Warlord | Identified Minesniffer Drone Bay 24137 | -4/Warlord | Opened Warlord's prototype stash 24152 | -4/Warlord | Found Prototype Reactor 24152 | -4/Warlord | Identified Vortex Chain Reactor 24157 | -4/Warlord | Found Prototype Device 24157 | -4/Warlord | Identified Exp. Phase Shifter 24171 | -4/Warlord | Found Prototype Device 24171 | -4/Warlord | Identified Thermal Barrier 24356 | -4/Warlord | Warlord's base attacked by MAIN.C 24400 | -4/Warlord | Found Prototype Energy Cannon 24403 | -4/Warlord | Found Prototype Energy Cannon 24625 | -4/Warlord | Build established: Derelict-Mutant 24706 | -4/Warlord | Warlord forces counterattacked 24714 | -4/Warlord | Rebuked by Warlord 24925 | -4/Warlord | Spotted Executioner 24933 | -4/Warlord | Spotted Executioner 24957 | -4/Warlord | Spotted Executioner 24957 | -4/Warlord | Spotted Executioner 24958 | -4/Warlord | Spotted Striker 24960 | -4/Warlord | Identified Transdimensional Reconstructor 24960 | -4/Warlord | Warped through subspace to slip node 24962 | -4/Warlord | Entered Proximity Caves 24963 | -3/Proximity Caves | Identified exit to Research 24989 | -3/Proximity Caves | Lost 7 allies 24989 | -3/Proximity Caves | Spotted B-86 Titan 25177 | -3/Proximity Caves | Attracted the attention of an 0b10 checkpoint 25412 | -3/Proximity Caves | Build established: Scavenger-Tank 25692 | -3/Proximity Caves | Entered Research 25692 | -3/Research | Evolved 2 slots: Utility x2 25693 | -3/Research | Identified exit to Quarantine 25695 | -3/Research | Identified exit to Research 26150 | -3/Research | Spotted B-90 Cyclops 26313 | -3/Research | Destroyed B-90 Cyclops 26377 | -3/Research | Entered Quarantine 26412 | -3/Quarantine | Found Alien Artifact 26415 | -3/Quarantine | Found Alien Artifact 26427 | -3/Quarantine | Found Dimensional Node Initializer 26677 | -3/Quarantine | Found Adv. Powered Armor 26685 | -3/Quarantine | Found Adv. Powered Armor 26693 | -3/Quarantine | Found Adv. Powered Armor 26887 | -3/Quarantine | Found Alien Artifact 27657 | -3/Quarantine | Discovered exit to Research (range 14) 27701 | -3/Quarantine | Lost 3 parts (3u) 27777 | -3/Quarantine | Cryocooling Duct disabled 27779 | -3/Quarantine | Cryocooling Duct disabled 27792 | -3/Quarantine | Ambient heat levels rising (+20) 27792 | -3/Quarantine | Non-combat units ordered to evacuate 27794 | -3/Quarantine | Ambient heat levels rising (+20) 27794 | -3/Quarantine | Combat units ordered to evacuate 27894 | -3/Quarantine | Quarantine Guard activated 27942 | -3/Quarantine | Found Alien Artifact 27946 | -3/Quarantine | Spotted Quarantine Guard 27958 | -3/Quarantine | Destroyed Quarantine Guard 27960 | -3/Quarantine | Spotted Quarantine Guard 27964 | -3/Quarantine | Destroyed Quarantine Guard 28077 | -3/Quarantine | Spotted Quarantine Guard 28092 | -3/Quarantine | Destroyed Quarantine Guard 28123 | -3/Quarantine | Spotted Quarantine Guard 28131 | -3/Quarantine | Spotted Quarantine Guard 28134 | -3/Quarantine | Destroyed Quarantine Guard 28140 | -3/Quarantine | Destroyed Quarantine Guard 28286 | -3/Quarantine | Found Alien Impact Weapon 28293 | -3/Quarantine | Identified Core Stripper 28355 | -3/Quarantine | Spotted Fortress 28378 | -3/Quarantine | Destroyed Fortress 28404 | -3/Quarantine | Found Prototype Device 28405 | -3/Quarantine | Identified Exp. Force Field 28416 | -3/Quarantine | Found Prototype Device 28417 | -3/Quarantine | Identified Exp. EM Shield 28428 | -3/Quarantine | Found Vortex Chain Reactor 28440 | -3/Quarantine | Found Prototype Protection 28441 | -3/Quarantine | Identified Centrium Heavy Armor Plating 28494 | -3/Quarantine | Identified Vortex Cannon (x2) 28577 | -3/Quarantine | Spotted Quarantine Guard 28597 | -3/Quarantine | Destroyed Quarantine Guard 28685 | -3/Quarantine | Build established: Tank 28748 | -3/Quarantine | Central database locked down 28812 | -3/Quarantine | Found Alien Reactor 28917 | -3/Quarantine | Spotted Quarantine Guard 28932 | -3/Quarantine | Destroyed Quarantine Guard 28939 | -3/Quarantine | Spotted Quarantine Guard 28946 | -3/Quarantine | Destroyed Quarantine Guard 29002 | -3/Quarantine | Spotted Quarantine Guard 29014 | -3/Quarantine | Destroyed Quarantine Guard 29028 | -3/Quarantine | Spotted Quarantine Guard 29045 | -3/Quarantine | Destroyed Quarantine Guard 29082 | -3/Quarantine | Found Adv. Powered Armor 29162 | -3/Quarantine | Found Gamma Bomb Array 29337 | -3/Quarantine | Found Vortex Chain Reactor 29658 | -3/Quarantine | Discovered new exit (range 6) 29658 | -3/Quarantine | Discovered new exit (range 5) 29665 | -3/Quarantine | Entered Protoforge 29703 | -3/Protoforge | Spotted Hotshot 29704 | -3/Protoforge | Spotted Hotshot 29705 | -3/Protoforge | Superfortress began startup sequence 29719 | -3/Protoforge | Spotted Hotshot 29724 | -3/Protoforge | Spotted Hotshot 29729 | -3/Protoforge | Destroyed Hotshot 29739 | -3/Protoforge | Destroyed Hotshot 29755 | -3/Protoforge | Destroyed Hotshot 29769 | -3/Protoforge | Destroyed Hotshot 29890 | -3/Protoforge | Spotted Hotshot 29896 | -3/Protoforge | Spotted Hotshot 29899 | -3/Protoforge | Destroyed Hotshot 29900 | -3/Protoforge | Destroyed Hotshot 29921 | -3/Protoforge | Destroyed 7 combat bots 29931 | -3/Protoforge | Spotted Hotshot 29934 | -3/Protoforge | Destroyed Hotshot 29946 | -3/Protoforge | Spotted Hotshot 29950 | -3/Protoforge | Destroyed Hotshot 29954 | -3/Protoforge | Spotted Hotshot 29961 | -3/Protoforge | Destroyed Hotshot 29998 | -3/Protoforge | Destroyed 12 combat bots 30018 | -3/Protoforge | Build established: Scavenger-Tank 30165 | -3/Protoforge | First assault squad dispatched 30169 | -3/Protoforge | Forge Plexus network access discovered 30259 | -3/Protoforge | System corruption reached 10% 30339 | -3/Protoforge | Discovered exit to Research (range 11) 30368 | -3/Protoforge | Initialized slip node 30477 | -3/Protoforge | Identified Matter Drive 30539 | -3/Protoforge | Crushed by falling debris 30545 | -3/Protoforge | Crushed by falling debris 30550 | -3/Protoforge | Additional patrols dispatched to research labs 30552 | -3/Protoforge | Crushed by falling debris 30555 | -3/Protoforge | Crushed by falling debris 30582 | -3/Protoforge | Found Cep. Helical Railcannon 30586 | -3/Protoforge | Lost 3 parts (3u) 30606 | -3/Protoforge | Spotted Immortal 30606 | -3/Protoforge | Spotted Immortal 30631 | -3/Protoforge | Destroyed Immortal 30635 | -3/Protoforge | Destroyed Immortal 30655 | -3/Protoforge | Found Cep. Helical Railcannon 30658 | -3/Protoforge | Found Cep. Plasma Driver 30664 | -3/Protoforge | Found Cep. Deflector Sword 30685 | -3/Protoforge | Incoming assault squad redirected 30707 | -3/Protoforge | Spotted Decapitator 30707 | -3/Protoforge | Spotted Decapitator 30707 | -3/Protoforge | Spotted Decapitator 30707 | -3/Protoforge | Spotted Decapitator 30715 | -3/Protoforge | Spotted Decapitator 30715 | -3/Protoforge | Spotted Decapitator 30716 | -3/Protoforge | Spotted Decapitator 30717 | -3/Protoforge | Spotted Decapitator 30718 | -3/Protoforge | Destroyed Decapitator 30718 | -3/Protoforge | Destroyed Decapitator 30718 | -3/Protoforge | Destroyed Decapitator 30721 | -3/Protoforge | Destroyed Decapitator 30757 | -3/Protoforge | Found Crosscalibrator 30780 | -3/Protoforge | Destroyed Decapitator 30784 | -3/Protoforge | Destroyed Decapitator 30787 | -3/Protoforge | Destroyed Decapitator 30983 | -3/Protoforge | Found Cep. Biometal Exoskeleton 31041 | -3/Protoforge | Incoming assault squad redirected 31190 | -3/Protoforge | Incoming assault squad redirected 31195 | -3/Protoforge | Found Faulty Cep. Helical Railcannon 31209 | -3/Protoforge | Found Faulty Cep. Plasma Driver 31213 | -3/Protoforge | Found Faulty Cep. Plasma Driver 31217 | -3/Protoforge | Found Faulty Cep. XC Strikerail 31220 | -3/Protoforge | Found Cep. XC Strikerail 31264 | -3/Protoforge | Found Faulty Cep. XC Strikerail 31386 | -3/Protoforge | Garrison activated, responded to threat 31434 | -3/Protoforge | Incoming assault squad redirected 31437 | -3/Protoforge | Incoming assault squad redirected 31597 | -3/Protoforge | Found Faulty Exp. Remote Shield 31671 | -3/Protoforge | Spotted V452-k 31671 | -3/Protoforge | Spotted V080-r 31671 | -3/Protoforge | Spotted V550-x 31681 | -3/Protoforge | Found Faulty Exp. Remote Shield 31699 | -3/Protoforge | Spotted V948-d 31721 | -3/Protoforge | Identified Hpw. Transdimensional Reconstructor (x2) 31721 | -3/Protoforge | Warped through subspace to slip node 31729 | -3/Protoforge | Spotted Hotshot 31732 | -3/Protoforge | Spotted Hotshot 31732 | -3/Protoforge | Spotted Hotshot 31732 | -3/Protoforge | Spotted Hotshot 31739 | -3/Protoforge | Destroyed Hotshot 31751 | -3/Protoforge | Destroyed Hotshot 31751 | -3/Protoforge | Destroyed Hotshot 31775 | -3/Protoforge | Destroyed Hotshot 31902 | -3/Protoforge | Crushed by falling debris 31903 | -3/Protoforge | Core integrity fell below 50% 31912 | -3/Protoforge | Crushed by falling debris 31916 | -3/Protoforge | Crushed by falling debris 31917 | -3/Protoforge | System corruption reached 30% 31942 | -3/Protoforge | Incoming assault squad redirected 32188 | -3/Protoforge | Incoming assault squad redirected 32241 | -3/Protoforge | Destroyed 14 combat bots 32311 | -3/Protoforge | Lost 3 parts (1n2u) 32440 | -3/Protoforge | Incoming assault squad redirected 32455 | -3/Protoforge | Spotted Decapitator 32635 | -3/Protoforge | Found Cep. Zero-point Core 32644 | -3/Protoforge | Found Faulty Cep. Zero-point Core 32815 | -3/Protoforge | Spotted AP7-3 32815 | -3/Protoforge | Spotted AP7-3 32823 | -3/Protoforge | Destroyed AP7-3 32826 | -3/Protoforge | Destroyed AP7-3 32860 | -3/Protoforge | Found Prototype Processor 32860 | -3/Protoforge | Identified Exp. Targeting Computer 32865 | -3/Protoforge | Found Prototype Device 32865 | -3/Protoforge | Identified Exp. ECM Suite 32876 | -3/Protoforge | Found Cep. XC Strikerail 32891 | -3/Protoforge | Found Cep. Core Analysis Suite 32898 | -3/Protoforge | Found Cep. Thermoelectric Network 32902 | -3/Protoforge | Found Faulty Cep. Impact Drone Bay 32910 | -3/Protoforge | Found Cld. Directed Potential Cannon 32913 | -3/Protoforge | Found Faulty Cep. Core Analysis Suite 32916 | -3/Protoforge | Found Faulty Cep. Impact Drone Bay 32919 | -3/Protoforge | Found Faulty Cep. Cloak Mesh 32925 | -3/Protoforge | Found Faulty Cep. Cloak Mesh 32933 | -3/Protoforge | Incoming assault squad redirected 33105 | -3/Protoforge | Found Cep. Nanofilaments [Conductive] 33105 | -3/Protoforge | Installed Cep. Nanofilaments [Conductive], 2 resistances modified: TH -15%, EM +25% 33133 | -3/Protoforge | Found Transdimensional Reconstructor 33142 | -3/Protoforge | Identified Subatomic Replicator 33142 | -3/Protoforge | Used Subatomic Replicator to create Prototype Device 33152 | -3/Protoforge | Identified Supercharged Navigation Harness 33248 | -3/Protoforge | Destroyed 12 combat bots 33258 | -3/Protoforge | Found Cep. Zero-point Core 33322 | -3/Protoforge | Spotted Decapitator 33322 | -3/Protoforge | Spotted Decapitator 33322 | -3/Protoforge | Spotted Decapitator 33322 | -3/Protoforge | Spotted Decapitator 33322 | -3/Protoforge | Spotted Immortal 33322 | -3/Protoforge | Spotted Immortal 33322 | -3/Protoforge | Warped through subspace to slip node 33329 | -3/Protoforge | Entered Research 33329 | -2/Research | Evolved 2 slots: Power x1, Utility x1 33982 | -2/Research | High security lockdown imminent 34062 | -2/Research | High security lockdown engaged 34126 | -2/Research | Destroyed 8 combat bots 34126 | -2/Research | Spotted B-90 Cyclops 34209 | -2/Research | Destroyed 10 combat bots 34269 | -2/Research | Spotted Investigator 34271 | -2/Research | Scanned by Researcher 34278 | -2/Research | Destroyed Investigator 34312 | -2/Research | Build established: Pyromaniac-Tank 34341 | -2/Research | Destroyed 24 combat bots 34386 | -2/Research | Spotted Striker 34388 | -2/Research | Destroyed Striker 34404 | -2/Research | Spotted Striker 34407 | -2/Research | Destroyed Striker 34421 | -2/Research | Spotted Striker 34421 | -2/Research | Spotted Executioner 34426 | -2/Research | Destroyed Executioner 34509 | -2/Research | Destroyed 16 combat bots 34553 | -2/Research | Garrison activated, responded to threat 34559 | -2/Research | Spotted Striker 34559 | -2/Research | Spotted Executioner 34566 | -2/Research | Destroyed Executioner 34569 | -2/Research | Spotted Executioner 34590 | -2/Research | System corruption reached 10% 34604 | -2/Research | Core integrity fell below 50% 34610 | -2/Research | Core integrity fell below 20% 34611 | -2/Research | Destroyed by H-88 Terminator with KE Penetrator Last Messages --------------- System corrupted: Energy discharge (-364). G-73 Enforcer destroyed. Slug penetrates I-47 Archangel. Penetrated by Slug. P-80 Master resets I-47 Archangel, system corruption cleaned. Cep. Zero-point Core destroyed. Cep. Thermoelectric Network destroyed. Penetrated by Slug. M-36 Artificer repairs H-88 Terminator. P-80 Master resets M-36 Artificer, system corruption cleaned. Penetrated by Slug. Slug penetrates Wall. Penetrated by Slug. Slug penetrates H-88 Terminator. Penetrated by Slug. Slug penetrates Wall. Hyb. Graviton Reactor destroyed. Penetrated by Slug. Map ----- +----------------------------------------------------+ | ?????????????????????????????????????????????????? | | ?????????????????????????????????????????????????? | | ?????????????????????????????????????????????????? | | ?????????????????????????????????????????????????? | | ?????????????????????????????????????????????????? | | ?????????????????????????????????????????????????? | | ?????????????????????????????????????????????????? | | ?????????????????????????????????????????????????? | | ??????????????????????????? ??????????? ?????????? | | ???????????????????????? #??????? ?????????? | | ???????????????????????? # ????" ?????????? | | ?????????# ???""???????? # """ ??????##? | | ?????????# """???????? " """ ????### # | | ?????????# """ ??????? " ????# | | ?????????# ?????? " ? ?????# | | ?????????# ?????? # ?????### | | ?????????# ????? #? """ ???????# | | ???????### "## ######;;#"## """ ######## | | ?????? "%"% % % *""" ! | | ?????? " " =] % !%[ !%= | | ?????? %= w h % % [ ! | | ?????? % %%[% C Ym h | | ??????# % % C/%"# ;%## #;;#####"#####"###### | | ??????# ! ## m p=p #???# | | ??????? %%%%% ? i hp%!g #???# | | ??????? ! %[" ?????#p@[%g! #???# """"" | | ???????? *%= "%????# ;i%%h #???# """"" | | ???????? "%"????# ## ![E #???# """"" | | ????????? "?????#??# #???# | | ????????? ?????????# /!! #???# | | ?????????? ??????????# /!! #???# | | ?????????? ??????????# /! #???# | | ???????????? ???????????#########;#??# " " | | ?????????????????????????????????##??# "T" | | ?????????????????????????????????????# """ | | ?????????????????????????????????????############# | | ?????????????????????????????????????????????????? | | ?????????????????????????????????????????????????? | | ?????????????????????????????????????????????????? | | ?????????????????????????????????????????????????? | | ?????????????????????????????????????????????????? | | ?????????????????????????????????????????????????? | | ?????????????????????????????????????????????????? | | ?????????????????????????????????????????????????? | | ?????????????????????????????????????????????????? | | ?????????????????????????????????????????????????? | | ?????????????????????????????????????????????????? | | ?????????????????????????????????????????????????? | | ?????????????????????????????????????????????????? | | ?????????????????????????????????????????????????? | +----------------------------------------------------+ Best States ------------- Heat Dissipation 122 Coolant Potential 120 Energy Generation 73 Energy Capacity 1640 Matter Stores 300 Matter Capacity 600 Sight Range 16 Robot Scan Range 16 Terrain Scan Range 16 Terrain Scan Density 1010 Jamming Range 16 Cloak Strength 6 Base Temperature (-) 200 EM Shielding 4 Armor Coverage 2050 Resistance: KI 30 Resistance: TH 50 Resistance: EM 75 Utility Shielding 90 Weapon Shielding 90 Projectile Deflection 15 Weapon Cycling 25 Phase Shifting 20 Evasion (%) 65 Targeting Accuracy 12 Core Analysis 11 Recoil Reduction 6 Offensive Hacking 11 Defensive Hacking 14 Item Schematics ----------------- Huge Storage Unit | -10/Materials | Hacked Combat Drone Bay | -6/Data Miner | Free Lgt. Regenerative Plating | -6/Data Miner | Free Enh. Armored Leg | -6/Data Miner | Free Imp. Thermal Defense Suite | -6/Data Miner | Free Cld. Plasma Rifle | -6/Data Miner | Free Imp. Gyrokinetic Inverter | -6/Data Miner | Free Graphene Brace | -6/Data Miner | Free Hardcell Cannon | -6/Data Miner | Free Imp. Force Booster | -6/Data Miner | Free Quantum Rifle | -6/Data Miner | Free Assault Drone Bay | -5/Zhirov | Free Exp. Heat Sink | -5/Zhirov | Free Exp. Optical Array | -5/Zhirov | Free Imp. Arc Thrower | -5/Zhirov | Free Kinetic Spear | -3/Protoforge | Archive Robot Schematics ------------------ A-15 Conveyor | -6/Data Miner | Free L-41 Fighter | -6/Data Miner | Free B-48 Gladiator | -6/Data Miner | Free Fabricated ------------ Nothing Repaired ---------- Nothing Studied --------- Com. HERF Cannon | -3/Quarantine | Hacked Alien Tech Used ----------------- Dimensional Node Initializer Transdimensional Reconstructor Core Stripper Matter Drive High-powered Transdimensional Reconstructor Concept Nanofilaments [Conductive] Subatomic Replicator Achievements -------------- None Challenges ------------ None Game ------ Seed AssaultZipEdition Manual? 0 Play Time 05:12:17 Cumulative 552.3 hours Start 2026.08.04 @ 13:18:49 End 2026.08.05 @ 16:17:26 Sessions 3 Manual Loads 0 Difficulty Rogue Special Mode None Game No. 313 Rogue 313 Adventurer 0 Explorer 0 Win Type - Total 36 Types 17/2/7/2/1/1/1/2/1/2 Lore% 97 Gallery% 92 Achievement% 86 Wizard Run 0 Options --------- Layout 1 ASCII 0 Keyboard 0 Movement Numpad Keybinds 0 Fullscreen 1 Font 24/Proggy Map View 50x35 Zoom Use 0% Tactical HUD 0 Map Filters NONE Filters NONE Steam 1 RUN: d9558824-3f5f-49f9-99bb-83dbb0bc9b66